 Dungeon Crawl Stone Soup version 0.29-a0-620-g13ace881f2 (webtiles) character file.

Game seed: 12387466477518914564

789 IdlyInterested the Cutter (level 7, 0/52 HPs)
             Began as a Demonspawn Brigand on June 18, 2022.
             Slain by Edmund
             ... wielding a +5 flail of protection
              (14 damage)
             ... on level 6 of the Dungeon.
             The game lasted 00:13:11 (4850 turns).

IdlyInterested the Cutter (Demonspawn Brigand)      Turns: 4850, Time: 00:13:12

Health: 0/52       AC:  8    Str: 11    XL:     7   Next: 56%
Magic:  7/7        EV: 13    Int: 16    God:
Gold:   299        SH:  4    Dex: 17    Spells: 6/6 levels left

rFire   . . .      SeeInvis .   a - +2 dagger
rCold   . . .      Faith    .   (no shield)
rNeg    . . .      Spirit   .   o - +0 leather armour
rPois   .          Reflect  .   f - +0 helmet
rElec   .          Harm     .   c - +1 cloak
rCorr   .          Rampage  .   r - +0 pair of gloves
Will    .....                   q - +0 pair of boots
Stlth   +++.......              (no amulet)
HPRegen 0.17/turn               (no ring)
MPRegen 0.10/turn               (no ring)

@: no status effects
A: powered by death 1, big brain 2, condensation shield
a: no special abilities


You were on level 6 of the Dungeon.
You visited 1 branch of the dungeon, and saw 6 of its levels.

You collected 299 gold pieces.

Inventory:

Hand Weapons
 a - a +2 dagger (weapon)
Missiles
 d - 11 poisoned darts
 e - 2 curare-tipped darts
 k - an atropa-tipped dart
 l - 62 stones (quivered)
Armour
 c - a +1 cloak (worn)
 f - a +0 helmet (worn)
 n - a +0 scale mail
 o - a +0 leather armour (worn)
 q - a +0 pair of boots (worn)
 r - a +0 pair of gloves (worn)
Magical Staves
 b - a staff of poison
 i - a staff of air
 u - a staff of cold
Jewellery
 j - a ring of ice
Wands
 t - a wand of mindburst (6)
Scrolls
 h - 3 scrolls of amnesia
 v - 2 scrolls of teleportation
 x - a scroll of enchant armour
Potions
 p - a potion of brilliance
 s - a potion of attraction
 A - a potion of might


   Skills:
 * Level 3.6 Fighting
 * Level 6.0 Short Blades
 - Level 1.7 Throwing
 - Level 4.0 Dodging
 - Level 4.0 Stealth


You had 6 spell levels left.
You didn't know any spells.
Your spell library contained the following spells:

 Spells                   Type           Power      Damage    Failure   Level
 Beastly Appendage        Tmut           0%         N/A       32%         1
 Poisonous Vapours        Pois/Air       0%         N/A       45%         2
 Wereblood                Tmut           0%         N/A       45%         2
 Spider Form              Tmut/Pois      0%         N/A       69%         3
 Corpse Rot               Necr/Pois/Air  0%         N/A       97%         4


Dungeon Overview and Level Annotations

Branches:
Dungeon (6/15)
 Temple: D:4-7

Altars:
Gozag

Annotations:
D:6 Edmund


Innate Abilities, Weirdness & Mutations

You regenerate a little health from kills.
You have an extremely huge brain. (Int +4)
A meltable shield of frost defends you. (SH +4)


Message History

You hit Edmund but do no damage.
Edmund is lightly wounded.
Edmund closely misses you.
You hit Edmund.
Edmund is moderately wounded.
Edmund closely misses you.
You hit Edmund but do no damage.
Edmund is moderately wounded.
You block Edmund's attack.
You hit Edmund.
Edmund is moderately wounded.
Edmund is no longer blind.
Edmund shouts!
You hit Edmund but do no damage.
Edmund is moderately wounded.
Edmund hits you with a +5 flail of protection.
Throw: 3 darts (curare)
Press: ? - help, Shift-Dir - straight line, f/p - Edmund
Aim: Edmund, wielding a +5 flail of protection and wearing a +0 leather armour (moderately wounded, strong, 60% to hit)
You throw a curare-tipped dart. The curare-tipped dart hits Edmund.
Edmund is poisoned.
Edmund convulses.
Edmund seems to slow down.
Edmund is heavily wounded.
You hit Edmund but do no damage.
Edmund is heavily wounded.
Edmund hits you with a +5 flail of protection!
You hit Edmund.
Edmund is heavily wounded.
You hit Edmund.
Edmund is heavily wounded.
Edmund hits you with a +5 flail of protection!!
* * * LOW HITPOINT WARNING * * *
You hit Edmund.
Edmund is heavily wounded.
You barely miss Edmund.
Edmund is severely wounded.
You hit Edmund.
Edmund is severely wounded.
Edmund hits you with a +5 flail of protection!
You die...

######## #. .......#
#..# ####.### #..# #.#
#..# #.## #..#### #
#.#.#### #....$
...###...###...#########
###.#.#...##....@@......
#......†....#########
####...###### #####


You could see Edmund (strong, very poisoned, slow).

Vanquished Creatures
  Sigmund (D:5)
  A sky beast (D:4)
  A black bear (D:5)
  An ogre (D:4)
  A scorpion (D:6)
  2 hounds
  Crazy Yiuf (D:5)
  3 iguanas (D:5)
  An orc wizard (D:5)
  4 adders
  2 dart slugs
  A worm (D:5)
  9 orcs
  3 bats
  7 endoplasms
  2 giant cockroaches
  4 goblins
  2 hobgoblins (D:1)
  10 jackals
  A quokka (D:1)
  5 ball pythons
  2 frilled lizards
  4 kobolds
  6 rats
74 creatures vanquished.

Notes
Turn   | Place    | Note
-------+----------+-------------------------------------------
     0 | D:1      | IdlyInterested the Demonspawn Brigand began the quest for
                  | the Orb.
     0 | D:1      | Reached XP level 1. HP: 16/16 MP: 1/1
     2 | D:1      | Noticed a demonspawn
     2 | D:1      | Noticed a vine stalker
     4 | D:1      | Noticed an ogre
     6 | D:1      | Noticed a minotaur
     8 | D:1      | Noticed a naga
    10 | D:1      | Noticed a vampire
    12 | D:1      | Noticed a troll
    12 | D:1      | Noticed a felid
    14 | D:1      | Noticed a human
    14 | D:1      | Noticed a spriggan
    16 | D:1      | Noticed a formicid
    16 | D:1      | Noticed an octopode
    18 | D:1      | Noticed a gargoyle
    20 | D:1      | Noticed a draconian
    20 | D:1      | Noticed an elf
    22 | D:1      | Noticed a dwarf
    22 | D:1      | Noticed a tengu
    24 | D:1      | Noticed a ghoul
    24 | D:1      | Noticed a merfolk
    26 | D:1      | Noticed a demigod
    54 | D:1      | Reached skill level 1 in Dodging
   101 | D:1      | Reached skill level 2 in Short Blades
   183 | D:1      | Gained mutation: You regenerate a little health from kills.
                  | [demonic ancestry]
   183 | D:1      | Reached XP level 2. HP: 19/22 MP: 2/2
   851 | D:2      | Gained mutation: You have an unusually large brain. (Int
                  | +2) [demonic ancestry]
   851 | D:2      | Reached XP level 3. HP: 27/27 MP: 3/3
  1073 | D:2      | Found a faded altar of an unknown god.
  1466 | D:3      | Found an opulent altar of Gozag.
  2045 | D:4      | Reached skill level 3 in Short Blades
  2045 | D:4      | Gained mutation: A meltable shield of frost defends you.
                  | (SH +4) [demonic ancestry]
  2045 | D:4      | Reached XP level 4. HP: 19/33 MP: 4/4
  2543 | D:4      | Noticed an ogre
  2547 | D:4      | Killed an ogre
  2548 | D:4      | Reached XP level 5. HP: 38/38 MP: 5/5
  2760 | D:4      | Noticed a sky beast
  2794 | D:4      | Killed a sky beast
  2795 | D:4      | Reached skill level 4 in Short Blades
  2795 | D:4      | Reached XP level 6. HP: 38/44 MP: 6/6
  3259 | D:5      | Entered Level 5 of the Dungeon
  3413 | D:5      | Noticed Sigmund
  3427 | D:5      | Killed Sigmund
  3428 | D:5      | Reached skill level 5 in Short Blades
  3531 | D:5      | HP: 2/44 [iguana (7)]
  3534 | D:5      | Gained mutation: You have an extremely huge brain. (Int +4)
                  | [demonic ancestry]
  3534 | D:5      | Reached XP level 7. HP: 2/50 MP: 7/7
  4245 | D:5      | Found a runed translucent door.
  4246 | D:5      | Noticed Crazy Yiuf
  4550 | D:5      | Killed Crazy Yiuf
  4726 | D:6      | Reached skill level 6 in Short Blades
  4830 | D:6      | Noticed Edmund
  4850 | D:6      | Slain by Edmund

Illustrated notes

Levels and vault maps discovered:
D:1:      kb_arrival_jail, layout_loops_ring
D:2:      layout_rooms, shapermc_ecumenical_altar_notcrosses
D:3:      layout_loops_ring, grunt_gozag_statues
D:4:      layout_loops_corners, chequers_big_river, chequers_garden,
          kennysheep_cluttered_room
D:5:      layout_basic, kennysheep_nondescript, uniq_sigmund,
          uniq_crazy_yiuf_cottage
D:6:      minmay_spotlight, layout_loops_ring, nicolae_tso_carved_into_rock,
          nicolae_overflow_quartered_altars, temple_fountains, serial_shops,
          nicolae_shop_advertising_works [nicolae_subvault_shop_adworks],
          nicolae_figureground_sparkle, uniq_edmund

Skill      XL: |  1  2  3  4  5  6  7 |
---------------+----------------------+-----
Dodging        | 1 2 3 4 |  4.0
Short Blades   | 2 3 4 5 6 |  6.0
Stealth        | 4 |  4.0
Fighting       | 3 |  3.6
Throwing       | |  1.7

Action                   |  1- 3 |  4- 6 |  7- 9 || total
-------------------------+-------+-------+-------++-------
Melee: Dagger            |   142 |   113 |   104 ||   359
       Punch             |       |     1 |     1 ||     2
Throw: Dart              |       |     2 |     2 ||     4
Evoke: Wand              |       |     1 |       ||     1
  Use: Scroll            |     4 |     1 |     2 ||     7
       Potion            |     3 |     1 |     3 ||     7
 Stab: Sleeping          |    11 |     3 |     3 ||    17
       Distracted        |     1 |       |       ||     1
Armor: Robe              |     8 |       |       ||     8
       Leather armour    |    27 |    19 |     8 ||    54
Dodge: Dodged            |    61 |    63 |    26 ||   150
Block: Other             |       |    17 |    12 ||    29

Table legend: (Time is in decaauts)
 A = Elapsed time spent in this place.
 B = Non-inter-level travel time spent in this place.
 C = Inter-level travel time spent in this place.
 D = Time resting spent in this place.
 E = Time spent auto-exploring this place.
 F = Levels seen in this place.
 G = Mean time per level.
                   A        B        C        D        E       F      G
               +--------+--------+--------+--------+--------+-----+--------+
         Total |   4779 |   4599 |    180 |    710 |   2956 |   6 |  796.5 |
       Dungeon |   4779 |   4599 |    180 |    710 |   2956 |   6 |  796.5 |
               +--------+--------+--------+--------+--------+-----+--------+

Top non-repeatable levels by time:
     D:5: 1356 daAuts
     D:4: 1236 daAuts
     D:1: 748 daAuts
     D:3: 689 daAuts
     D:2: 573 daAuts
     D:6: 175 daAuts
